 Dungeon Crawl Stone Soup version 0.20.1-1-g8b1a95d (webtiles) character file.

7 tidbits the Insei (level 1, -2/15 HPs)
             Began as a Demigod Transmuter on Aug 11, 2017.
             Slain by a hobgoblin
             ... wielding a +0 club
              (3 damage)
             ... on level 1 of the Dungeon.
             The game lasted 00:00:48 (82 turns).

tidbits the Insei (Demigod Transmuter)                Turns: 82, Time: 00:00:49

Health: -2/15      AC:  2    Str: 13    XL:     1   Next: 66%
Magic:  4/5        EV: 12    Int: 17    God:
Gold:   9          SH:  0    Dex: 16    Spells: 2/3 levels left

rFire    . . .     SeeInvis .     - Unarmed
rCold    . . .     Gourm    .   (no shield)
rNeg     . . .     Faith    .   b - +0 robe
rPois    .         Spirit   .   (no helmet)
rElec    .         Reflect  .   (no cloak)
rCorr    .         Harm     .   (no gloves)
MR       .....                  (no boots)
Stlth    +.........             (no amulet)
Regen    0.1/turn               (no ring)
MPRegen  0.1/turn               (no ring)

@: appendage (expiring)
A: horns 2, high mp 1
a: End Transformation


You were on level 1 of the Dungeon.
You were not hungry.
You had grown temporary horns.
You visited 1 branch of the dungeon, and saw 2 of its levels.

You collected 9 gold pieces.

Inventory:

Missiles
 a - 12 arrows
Armour
 b - a +0 robe (worn)
Books
 c - a book of Changes

   Spells                             Type                      Level
   a - Beastly Appendage              Transmutation                1
   b - Sticks to Snakes               Transmutation                2
   c - Spider Form                    Transmutation/Poison         3
   d - Ice Form                       Ice/Transmutation            4
   e - Blade Hands                    Transmutation                5
Comestibles
 d - a bread ration


   Skills:
 - Level 0.8 Fighting
 - Level 1.7 Dodging
 + Level 3.1 Unarmed Combat
 - Level 1.7 Spellcasting
 - Level 1.7 Transmutations


You had 2 spell levels left.
You knew the following spells:

 Your Spells              Type           Power        Failure   Level  Hunger
e - Beastly Appendage     Tmut           #.....       10%         1    #......


Dungeon Overview and Level Annotations

Branches:
Dungeon (2/15)

Annotations:
D:2 Terence


Innate Abilities, Weirdness & Mutations

You have an increased reservoir of magic. (+10% MP)
You have a pair of horns on your head.


Message History

Welcome, tidbits the Demigod Transmuter.
The bosom of this dungeon contains the fabled artefact, the Orb of Zot.
Press ? for a list of commands and other information.
Found 9 gold pieces.
Found a staircase leading out of the dungeon.
You now have 9 gold pieces.
As you open the door, it creaks loudly!
There is an open door here.
Found a robe.
Found a stone staircase leading down.
There is a stone staircase leading down here.
You climb downwards.
Found a stone staircase leading down and a stone staircase leading up.
There is a stone staircase leading up here.
Terence the Incautious comes into view.
He is wielding a mace.
An adder comes into view.
There is a stone staircase leading up here.
You climb upwards.
A frilled lizard, a leopard gecko, 2 bats and a rat come into view.
The bat hits you. x2; The bat hits you but does no damage.
Found 16 stones.
There is a stone staircase leading down, spattered with blood here.
Casting: Beastly Appendage
Confirm with . or Enter, or press ? or * to list all spells.
Your feet morph into talons.
The bat closely misses you. The bat barely misses you. The bat misses you.
The bat hits you but does no damage.
You hit the rat.
You kill the rat!
The bat closely misses you. x2
The frilled lizard hisses angrily.
The bat hits you but does no damage. The bat hits you.
The bat closely misses you. The bat barely misses you.
The bat barely misses you. The bat closely misses you. The bat hits you.
The bat barely misses you. The bat hits you but does no damage.
You hit the bat.
You kill the bat!
The bat hits you but does no damage. The bat hits you but does no damage.
You hit the bat.
You kill the bat!
Your transformation is almost over.
The frilled lizard misses you.
The leopard gecko hisses angrily.
You hit the frilled lizard.
You kill the frilled lizard!
You miss the leopard gecko.
The leopard gecko bites you but does no damage.
You hit the leopard gecko. Your kick misses the leopard gecko.
The leopard gecko is moderately wounded.
The leopard gecko misses you.
You barely miss the leopard gecko. Your kick misses the leopard gecko.
The leopard gecko is moderately wounded.
The leopard gecko misses you.
You hit the leopard gecko.
You kill the leopard gecko!
Your Unarmed Combat skill increases to level 3!
Your talons disappear.
A rat comes into view.
The rat moves out of view.
A leopard gecko comes into view.
The leopard gecko hisses angrily.
A hobgoblin comes into view. It is wielding a club.
The hobgoblin shouts!
Casting: Beastly Appendage
Confirm with . or Enter, or press ? or * to list all spells.
You grow a pair of large bovine horns.
The leopard gecko hisses menacingly.
The leopard gecko bites you.
You barely miss the leopard gecko. The leopard gecko bites you.
You hit the leopard gecko.
You kill the leopard gecko!
Your transformation is almost over.
You see here a leopard gecko corpse.
You hit the hobgoblin but do no damage. The hobgoblin hits you with a club.
* * * LOW HITPOINT WARNING * * *
You barely miss the hobgoblin. Your headbutt misses the hobgoblin.
The hobgoblin hits you with a club.
* * * LOW HITPOINT WARNING * * *
You closely miss the hobgoblin. Your headbutt misses the hobgoblin.
The hobgoblin hits you with a club.
You die...

#...†.........##
#.###########.#
#.#.........#.# ..
#.#.......#.#.###....
#.#..................
#...........#.###....
###.........#.# #
###########.#
........@g..#
##########..####
#.....# #.....#
#.....# #.....#
#....g# #......
#.......


You could see a hobgoblin.

Vanquished Creatures
  2 leopard geckos (D:1)
  2 bats (D:1)
  A frilled lizard (D:1)
  A rat (D:1)
6 creatures vanquished.

Notes
Turn   | Place    | Note
-------+----------+-------------------------------------------
     0 | D:1      | tidbits the Demigod Transmuter began the quest for the Orb.
     0 | D:1      | Reached XP level 1. HP: 15/15 MP: 5/5
    22 | D:2      | Noticed Terence
    44 | D:1      | Reached skill level 3 in Unarmed Combat
    81 | D:1      | HP: 1/15 [hobgoblin/club (6)]
    82 | D:1      | Slain by a hobgoblin

Skill      XL: |  1 |
---------------+----+-----
Unarmed Combat | 3 |  3.1
Fighting       | |  0.8
Dodging        | |  1.7
Spellcasting   | |  1.7
Transmutations | |  1.7

Action                   || total
-------------------------++-------
Melee: Unarmed           ||    13
 Cast: Beastly Appendage ||     2
Armor: Robe              ||     7
Dodge: Dodged            ||    13

Table legend:
 A = Turns spent in this place as a percentage of turns spent in the entire game.
 B = Non-inter-level travel turns spent in this place as a percentage of non-inter-level travel turns spent in the entire game.
 C = Inter-level travel turns spent in this place as a percentage of turns spent in this place.
 D = Turns resting spent in this place as a percentage of non-inter-level travel turns spent in this place.
 E = Turns spent auto-exploring this place as a percentage of non-inter-level travel turns spent in this place.
 F = Non-inter-level travel turns spent in this place divided by the number of levels of this place that you've seen.
                   A       B       C       D       E      F
               +-------+-------+-------+-------+-------+----------------------
         Total | 100.0 | 100.0 |   0.0 |   0.0 |   0.0 |  40.5
       Dungeon | 100.0 | 100.0 |   0.0 |   0.0 |   0.0 |  40.5
               +-------+-------+-------+-------+-------+----------------------

Table legend:
 A = Kills in this place as a percentage of kills in entire the game.
 B = Kills by you in this place as a percentage of kills by you in the entire game.
 C = Kills by friends in this place as a percentage of kills by friends in the entire game.
 D = Other kills in this place as a percentage of other kills in the entire game.
 E = Experience gained in this place as a percentage of experience gained in the entire game.
 F = Experience gained in this place divided by the number of levels of this place that you have seen.
                   A       B       C       D       E      F
               +-------+-------+-------+-------+-------+----------------------
         Total | 100.0 | 100.0 |  -nan |  -nan | 100.0 |   5.0
       Dungeon | 100.0 | 100.0 |  -nan |  -nan | 100.0 |   5.0
               +-------+-------+-------+-------+-------+----------------------

Vault maps used:
D:1:      saegor_arrival_under_anarchy, minmay_misc_feat_tiny
D:2:      lemuel_crystal_altar, nicolae_qazlal_style_of_elements, uniq_terence
